[Event "45th FIDE Womens Olympiad 2024"]
[Site "Budapest"]
[Date "2024.09.15"]
[Round "5.122"]
[White "Limontaite, Simona"]
[Black "Chung Hurtado, Yaleika"]
[Result "1-0"]
[ECO "D29"]
[WhiteElo "2177"]
[BlackElo "1832"]
[Annotator "TA"]
[PlyCount "99"]
[EventDate "2024.09.05"]
[EventType "team-tourn"]
[EventCountry "HUN"]
[SourceTitle "playchess.com"]
[Source "ChessBase"]
[SourceQuality "1"]
[WhiteTeam "Lithuania"]
[BlackTeam "Panama"]
[WhiteTeamCountry "LTU"]
[BlackTeamCountry "PAN"]
[TimeControl "40/5400+30:1800+30"]

1. d4 d5 2. c4 e6 3. Nc3 a6 4. e3 dxc4 5. Bxc4 b5 6. Bb3 Bb7 7. Nf3 Nf6 8. O-O c5 9. Qe2 Nbd7 10. Rd1 Qb8 11. d5 exd5 12. Nxd5 Nxd5 13. Bxd5 Bxd5 14. Rxd5 Nf6 (14... Be7 $11) 15. Rd1 $14 {e4 would now be deadly.} Be7 (15... Qb7 $14) 16. a4 ({Better is} 16. e4 $16) 16... O-O $11 {[%cal Bh8f8,Bf8d8,Bd8d3][%mdl 32] White has an edge.} 17. axb5 Qxb5 18. Qc2 Rfd8 19. Bd2 Qd3 (19... Nd5 $11 {keeps the balance.}) 20. Qxd3 $16 Rxd3 21. Ne5 Rd5 22. Nc6 Bf8 {[#] Strongly threatening ...Rc8.} 23. Be1 Rxd1 24. Rxd1 Rc8 25. Na5 Rb8 26. Nc4 Be7 27. f3 Rd8 28. Ra1 Ra8 29. e4 Ne8 30. Bg3 f6 31. Nb6 Ra7 32. Nc8 {White has more active pieces.} Rb7 33. Nxe7+ Rxe7 34. Rxa6 {[%mdl 4096] Endgame. KRB-KRN} Rb7 35. Ra2 Kf7 36. Kf1 g6 (36... Nc7 $16 {might work better.}) 37. Bf2 $18 c4 (37... Rc7 {was called for.} 38. Ke2 c4) 38. Ra7 Rxa7 39. Bxa7 {KB-KN} Nd6 40. Bd4 Nb5 {[#]} 41. Bc3 Ke6 42. Ke2 f5 43. Ke3 g5 $2 (43... fxe4 44. Kxe4 (44. fxe4 Kd6 $16) 44... Nd6+ 45. Kf4 Nc8) 44. exf5+ Kxf5 45. g4+ Ke6 46. Ke4 h5 47. gxh5 Nd6+ 48. Kd4 Nf5+ 49. Kxc4 {Intending Kc5 and mate.} Nh4 50. h6 {Weighted Error Value: White=0.11 (very precise) /Black=0.62.  Mistake:       	White=1     	Black=5      Inaccurate:     	White=1     	Black=3      OK:         	White=14    	Black=8      Best:        	White=3     	---} 1-0

[Event "45th FIDE Womens Olympiad 2024"]
[Site "Budapest"]
[Date "2024.09.15"]
[Round "5.123"]
[White "Vasquez Jaen, Lourdes Lorena"]
[Black "Simkunaite, Gabija"]
[Result "1/2-1/2"]
[ECO "C44"]
[WhiteElo "1821"]
[BlackElo "2005"]
[Annotator "TA"]
[PlyCount "92"]
[EventDate "2024.09.05"]
[EventType "team-tourn"]
[EventCountry "HUN"]
[SourceTitle "playchess.com"]
[Source "ChessBase"]
[SourceQuality "1"]
[WhiteTeam "Panama"]
[BlackTeam "Lithuania"]
[WhiteTeamCountry "PAN"]
[BlackTeamCountry "LTU"]
[TimeControl "40/5400+30:1800+30"]

1. e4 e5 2. Nf3 Nf6 3. d3 Nc6 4. g3 d6 5. Bg2 Bg4 6. c3 Qd7 7. h3 Bxf3 8. Qxf3 {White is slightly better.} Be7 9. Nd2 Rd8 10. Nc4 d5 11. exd5 Nxd5 12. O-O Nb6 13. Re1 Nxc4 14. dxc4 O-O 15. Be3 Qe6 16. Qe2 Kh8 17. Kh2 f5 {[#]} 18. Bd4 e4 $15 19. Rad1 Nxd4 20. Rxd4 {White is weak on the dark squares} Rxd4 21. cxd4 Bf6 22. d5 Qb6 23. f3 {[#]} Be5 (23... Qxb2 24. Qxb2 Bxb2 25. Rb1 $16) (23... f4 $1 $17 {...fxg3+ is the strong threat.} 24. fxe4 (24. gxf4 Bh4 $17) 24... fxg3+ (24... Qxb2 25. gxf4 Qc3 26. Rd1 $16) 25. Kh1 g6 (25... Bxb2 26. e5 $11) (25... Be5 26. Rf1 $17)) 24. fxe4 f4 ({Of course not} 24... Qxb2 $6 25. Qxb2 Bxb2 26. exf5 $16) 25. gxf4 Rxf4 26. Kh1 Qg6 (26... Qxb2 $2 {loses.} 27. Qxb2 Bxb2 28. e5 $18) 27. Rf1 Qg3 {[%cal Og3h2] ( -> ...Qh2+!)} 28. Rxf4 Qxf4 $11 {[%csl Ge5][%cal Rf4h2][%mdl 4096] Endgame. KQB-KQB} 29. Bf1 (29. Kg1 {looks sharper.} Kg8 30. b3 b6 31. Qf2) 29... g5 {[%mdl 1024] Black has compensation.} 30. Qg2 Kg7 31. b3 h6 32. Be2 b6 33. Bf1 Kg6 34. Be2 h5 35. Bd1 a5 36. Be2 Kh6 37. Bd1 Kg6 38. Be2 Kh6 39. Bd1 Bd6 40. Be2 Kg6 41. Bd1 (41. Kg1 {feels hotter.} Qc1+ 42. Qf1 Qe3+ 43. Kh1) 41... h4 42. Be2 Kh6 ({Black should play} 42... Kf6 $15) 43. Bd1 Kg7 44. Be2 Be5 45. Bd1 Qe3 46. Qg4 Bf6 {Weighted Error Value: White=0.15 (very precise) /Black=0.14 (very precise) .  Mistake:       	White=1     	Black=2      Inaccurate:     	White=6     	Black=4      OK:         	White=7     	Black=14     Best:        	White=4     	---} 1/2-1/2

[Event "45th FIDE Womens Olympiad 2024"]
[Site "Budapest"]
[Date "2024.09.15"]
[Round "5.124"]
[White "Sibajeva, Marija"]
[Black "Caicedo Rios, Layla Yasmira"]
[Result "1-0"]
[ECO "B90"]
[WhiteElo "2007"]
[BlackElo "1803"]
[Annotator "TA"]
[PlyCount "47"]
[EventDate "2024.09.05"]
[EventType "team-tourn"]
[EventCountry "HUN"]
[SourceTitle "playchess.com"]
[Source "ChessBase"]
[SourceQuality "1"]
[WhiteTeam "Lithuania"]
[BlackTeam "Panama"]
[WhiteTeamCountry "LTU"]
[BlackTeamCountry "PAN"]
[TimeControl "40/5400+30:1800+30"]

1. e4 c5 2. Nf3 d6 3. d4 cxd4 4. Nxd4 Nf6 5. Nc3 a6 6. h3 e5 7. Nb3 Be6 8. f4 Nc6 9. Be2 exf4 {The position is equal.} 10. Bxf4 d5 11. exd5 Nxd5 12. Nxd5 Qxd5 13. Qxd5 Bxd5 14. O-O Be7 15. Rad1 Be6 16. Bf3 O-O 17. Bxc6 bxc6 18. Bd6 Rfe8 19. Bxe7 Rxe7 20. Rd6 Rc7 {[#]} ({Black should play} 20... Rb7 $14) 21. Nc5 $1 $16 {White is more active.} Bc4 22. Rf4 Bxa2 {[#]} 23. b3 $1 Re8 (23... Re7 $16 {might work better.} 24. Rd1 (24. Rxc6 Bb1 $16) 24... Re5) 24. Rf1 {Weighted Error Value: White=0.05 (flawless) /Black=0.31.  Mistake:       	---       	Black=2      Inaccurate:     	White=2     	Black=2      OK:         	White=7     	Black=4      Best:        	White=1     	---        Strong:       	White=2     	---} 1-0

[Event "45th FIDE Womens Olympiad 2024"]
[Site "Budapest"]
[Date "2024.09.15"]
[Round "5.125"]
[White "Samaganova, Aleksandra"]
[Black "De Blecourt, Sandra"]
[Result "0-1"]
[ECO "A36"]
[WhiteElo "1948"]
[BlackElo "2065"]
[Annotator "TA"]
[PlyCount "94"]
[EventDate "2024.09.05"]
[EventType "team-tourn"]
[EventCountry "HUN"]
[SourceTitle "playchess.com"]
[Source "ChessBase"]
[SourceQuality "1"]
[WhiteTeam "Kyrgyzstan"]
[BlackTeam "Denmark"]
[WhiteTeamCountry "KGZ"]
[BlackTeamCountry "DEN"]
[TimeControl "40/5400+30:1800+30"]

1. c4 c5 2. Nc3 Nc6 3. g3 g6 4. Bg2 Bg7 5. e4 d6 6. d3 e6 7. Nge2 Nge7 8. O-O O-O 9. a3 b6 10. Rb1 Bb7 11. b4 Qd7 12. Be3 Nd4 13. f4 f5 14. Bf2 Nec6 {The position is equal.} 15. h3 Nxe2+ 16. Nxe2 e5 17. Qd2 Rae8 18. Kh2 Nd8 (18... Nd4 $17 19. Nxd4 cxd4 20. fxe5 dxe5) 19. fxe5 Bxe5 20. Be3 fxe4 21. Rxf8+ Rxf8 22. dxe4 Qe6 23. Qd3 Re8 24. Re1 Nf7 25. Bd2 g5 26. Nc3 Bd4 27. Nd5 {[#] Black must now prevent Nc7.} Ne5 28. Qe2 {Hoping for Nc7.} Rf8 (28... Qg6 {simplifies} 29. bxc5 bxc5 30. Kh1 h6) 29. Rf1 {Repels Rf2} (29. Bxg5 $2 Rf2 30. Qh5 Nf3+ (30... Nxc4 31. Ne7+ Kf8 32. bxc5 $11) 31. Qxf3 Rxf3 32. Bxf3 Bxd5 33. cxd5 Qf7 $19) 29... Rxf1 30. Qxf1 h6 31. Qe2 Kg7 32. a4 Qf7 {Black is more active.} 33. Be1 {[#] Wards off Qf2} (33. a5 $17 {might work better.}) 33... Bc8 (33... g4 $1 $19 {[%cal Rg4h3] is more deadly. Strongly threatening ...gxh3.} 34. Nf4 gxh3 (34... Qxc4 $2 35. Qxc4 Nxc4 36. hxg4 $17) 35. Bxh3 Qxc4 (35... Nxc4 $2 {perishes.} 36. Be6 $18)) 34. b5 (34. Kh1 $17) 34... g4 $19 {Threatens to win with ...gxh3.} 35. h4 Nf3+ $40 {[%mdl 128] White is in trouble.} 36. Bxf3 $4 {[%mdl 8192] This costs White the game.} (36. Kh1 $17) 36... gxf3 37. Qf1 f2 38. Bd2 Qf3 39. Nf4 Qxe4 40. Nh5+ Kg6 41. Nf4+ Kh7 42. Nd5 Bf5 {( -> ...Qd3). A strong pair of Bishops.} 43. Be3 Qf3 ({Worse is} 43... Bxe3 44. Nf6+ Kg7 45. Nxe4 Bxe4 46. g4 $11) 44. Bxd4 cxd4 {Black mates.} 45. Nf4 d3 46. c5 dxc5 47. Ng2 Qe2 {Weighted Error Value: White=0.72/Black=0.24 (precise) .  Loses game:     	White=1     	---        Mistake:       	White=2     	Black=2      Inaccurate:     	White=7     	---        OK:         	White=5     	Black=10     Best:        	White=2     	---} 0-1

[Event "45th FIDE Womens Olympiad 2024"]
[Site "Budapest"]
[Date "2024.09.15"]
[Round "5.126"]
[White "Kakulidis, Ellen"]
[Black "Zhanybekova, Begimay"]
[Result "1/2-1/2"]
[ECO "B07"]
[WhiteElo "2048"]
[BlackElo "1784"]
[Annotator "TA"]
[PlyCount "78"]
[EventDate "2024.09.05"]
[EventType "team-tourn"]
[EventCountry "HUN"]
[SourceTitle "playchess.com"]
[Source "ChessBase"]
[SourceQuality "1"]
[WhiteTeam "Denmark"]
[BlackTeam "Kyrgyzstan"]
[WhiteTeamCountry "DEN"]
[BlackTeamCountry "KGZ"]
[TimeControl "40/5400+30:1800+30"]

1. d4 Nf6 2. g3 g6 3. Bg2 Bg7 4. e4 d6 5. Nc3 O-O 6. Nge2 e5 7. h3 Nc6 8. Be3 exd4 9. Nxd4 Bd7 10. O-O Re8 11. Re1 a5 12. a4 Nxd4 13. Bxd4 Bc6 {The position is equal.} 14. Qd3 Nd7 15. Bxg7 Kxg7 16. f4 f6 17. b3 Nc5 18. Qd4 Ne6 19. Qd2 Qb8 20. Rad1 Qa7+ 21. Kh2 Rad8 22. Nd5 Qc5 (22... Bxd5 $1 $11 23. exd5 Nc5) 23. Re2 (23. c4 $16) 23... Bxd5 $14 24. exd5 (24. Qxd5 Qxd5 25. Rxd5 Nc5 $16) 24... Nf8 25. Rde1 Kf7 26. Qd3 Qb4 {Black is weak on the light squares} 27. Rxe8 (27. Bf3 {looks sharper.} f5 28. Re3 Qc5 29. Kg2) 27... Rxe8 28. Rxe8 Kxe8 {[%mdl 4096] Endgame. KQB-KQN} 29. Qe2+ Kf7 30. Bf3 Qd4 31. Bg2 b6 32. Qe1 f5 33. Qe2 Qf6 34. Bf3 Nd7 35. Kg2 Nc5 36. Kf2 Qd4+ 37. Kg2 Qf6 38. Kf2 Qd4+ 39. Kg2 Qf6 {Weighted Error Value: White=0.10 (very precise) /Black=0.09 (flawless) .  Mistake:       	White=1     	Black=1      Inaccurate:     	White=2     	Black=1      OK:         	White=8     	Black=14} 1/2-1/2

[Event "45th FIDE Womens Olympiad 2024"]
[Site "Budapest"]
[Date "2024.09.15"]
[Round "5.127"]
[White "Lesbekova, Assel"]
[Black "Guindy, Esmat Susanne"]
[Result "1-0"]
[ECO "C11"]
[WhiteElo "1903"]
[BlackElo "2015"]
[Annotator "TA"]
[PlyCount "121"]
[EventDate "2024.09.05"]
[EventType "team-tourn"]
[EventCountry "HUN"]
[SourceTitle "playchess.com"]
[Source "ChessBase"]
[SourceQuality "1"]
[WhiteTeam "Kyrgyzstan"]
[BlackTeam "Denmark"]
[WhiteTeamCountry "KGZ"]
[BlackTeamCountry "DEN"]
[TimeControl "40/5400+30:1800+30"]

1. e4 e6 2. d4 d5 3. Nc3 Nf6 4. Qd3 c5 5. exd5 Nxd5 6. dxc5 Bxc5 7. Ne4 {aiming for Qb5+.} Be7 8. Qg3 {Black has an edge.} O-O {[#]} (8... Nb4 $1 $15 {stays ahead.} 9. Bd3 Nxd3+ 10. cxd3 O-O) 9. Bh6 $1 $16 Bf6 10. O-O-O Nd7 11. h4 Kh8 12. Bg5 {White has more active pieces.} (12. Nxf6 $14 Qxf6 13. Bg5) 12... Qb6 13. Nxf6 N7xf6 14. Nh3 Bd7 $1 15. Qb3 Qxb3 16. axb3 Bc6 17. c4 Nb4 18. Bd2 a5 19. f3 {Repels Ne4} Nh5 20. Bxb4 axb4 21. Bd3 Ng3 22. Rhe1 Rfd8 23. Nf2 g6 24. Bb1 Kg7 25. Nd3 Nf5 26. Nxb4 Nxh4 27. Rxd8 Rxd8 28. Nxc6 bxc6 $11 {[%mdl 4096] Endgame. KRB-KRN} 29. Re2 Kf6 30. c5 (30. Be4 $11) 30... Nf5 (30... h5 $15) 31. Bxf5 Kxf5 {KR-KR} 32. Kc2 e5 33. Kc3 h5 {...Kf4 would now be deadly.} 34. b4 {[%cal Ob4b5] Black must now prevent b5!} Ke6 $2 {[%mdl 8192] [#]} (34... Rb8 $11 {and Black stays safe.}) 35. b5 $1 $18 cxb5 (35... Rd5 $142) 36. Kb4 Rb8 37. Rd2 g5 (37... f5 $142 38. c6 (38. Rd6+ Kf7 $18) 38... e4) 38. c6 f5 39. Kc5 e4 40. b4 $2 (40. fxe4 $18 fxe4 41. c7) 40... e3 $11 41. Re2 f4 {And now ...h4 would win.} 42. Rc2 $2 (42. Re1 $11 {and White has nothing to worry.}) 42... Ke5 $4 (42... h4 $19 43. c7 Rh8 44. Kxb5 g4) 43. c7 $18 Rc8 44. Kxb5 Kd4 45. Kc6 Kd3 46. Rc1 {White threatens b5 and mate.} Kd2 47. Ra1 {White mates.} e2 48. b5 e1=Q 49. Rxe1 Kxe1 {KR-KP} 50. b6 Kf2 51. b7 Rxc7+ 52. Kxc7 Kxg2 53. b8=Q (53. b8=B h4 (53... Kxf3 $2 54. Kd7 $19) 54. Kc6 h3 (54... Kxf3 55. Kd7 h3 56. Ke6 h2 57. Kf7 h1=Q 58. Ke6 Ke2 59. Be5 f3 60. Bd4 g4 61. Kf7 g3 62. Bg7 f2 63. Bf6 f1=Q 64. Kg7 Qh5 65. Kg8 Qg6+ 66. Bg7 Qff7+ 67. Kh8 Qgxg7#) 55. Bd6 Kxf3 (55... h2 {gets mated.} 56. Kd7 Kxf3 57. Ke6 h1=Q 58. Kf6 Kg4 59. Ke5 Qc6 60. Bb8 Qb5+ 61. Ke4 Qxb8 62. Kd4 f3 63. Kd3 f2 64. Ke2 Qf4 65. Kd3 f1=Q+ 66. Kc3 Q1c1+ 67. Kd3 Qfe3#) 56. Be5 g4 (56... h2 {leads to mate.} 57. Bh8 g4 58. Be5 g3 59. Bc3 Kg4 60. Bf6 h1=Q+ 61. Kd7 f3 62. Kc7 f2 63. Bb2 f1=Q 64. Ba3 Qf7+ 65. Kb6 Qhb7+ 66. Ka5 Qfd7 67. Bf8 Qdb5#) 57. Bg7 g3 58. Bf8 h2 59. Ba3 Kg4 (59... h1=R 60. Kb7 g2 61. Bc5 Rc1 62. Bd4 Ke2 63. Kb8 f3 64. Ka7 f2 65. Kb8 f1=Q 66. Kb7 g1=Q 67. Bb6 Qfg2+ 68. Ka7 Ra1+ 69. Kb8 Qxb6+ 70. Kc8 Qh3#) 60. Bd6 f3 (60... h1=R 61. Be5 f3 62. Bg7 f2 63. Bf8 g2 64. Bd6 f1=Q 65. Be5 Qa6+ 66. Kd5 Rd1+ 67. Kc5 g1=Q+ 68. Kb4 Qgb6+ 69. Kc3 Qd3#) (60... h1=Q+ 61. Kc7 f3 62. Bxg3 Kxg3 63. Kd7 f2 64. Ke6 f1=Q 65. Ke5 Qf4+ 66. Ke6 Qc6+ 67. Ke7 Qff6#) 61. Kd5 f2 (61... h1=R 62. Bc7 f2 63. Bxg3 Kxg3 64. Kd6 f1=Q 65. Ke5 Qb5+ 66. Kd6 Rh6+ 67. Kc7 Qc4+ 68. Kd8 Qf7 69. Kc8 Rh8#) (61... h1=Q 62. Bf8 f2+ 63. Kd4 f1=Q 64. Bd6 Qd1+ 65. Ke5 Qe2+ 66. Kd4 Qc1 67. Bf8 Qcc4#) 62. Kd4 h1=Q (62... h1=B 63. Bc5 g2 64. Kd3 g1=Q 65. Bxf2 Qxf2 66. Kc4 Qe3 67. Kb4 Bd5 68. Kb5 Qd4 69. Ka5 Qc5+ 70. Ka4 Qb6 71. Ka3 Qb3#) 63. Bf8 f1=Q (63... f1=B 64. Ke5 Qh8+ 65. Ke4 g2 66. Kd5 g1=Q 67. Bc5 Qgh1+ 68. Ke6 Qe8+ 69. Be7 Qe4+ 70. Kf6 Q8xe7#) 64. Bc5 Qf4+ (64... Qhg1+ 65. Kd5 Qf5+ 66. Kc6 Qgxc5+ 67. Kb7 Qfc8#) 65. Kd3 Qhf1+ (65... Qd5+ $2 66. Kc2 Qfd2+ 67. Kb1 Q5a2#) 66. Kc2 Q4c1+ 67. Kb3 Qfc4#) 53... g4 54. fxg4 hxg4 55. Qb2+ Kg3 56. Qe5 Kf3 57. Kd6 g3 58. Kd5 g2 59. Qe1 Kg4 60. Ke4 Kh3 61. Qd1 {Weighted Error Value: White=0.30/Black=0.37.  Loses game:     	White=1     	Black=1      Missed win:     	---       	Black=1      Mistake:       	White=2     	Black=4      Inaccurate:     	White=5     	Black=2      OK:         	White=13    	Black=13     Best:        	White=7     	---        Strong:       	White=2     	Black=1} 1-0

[Event "45th FIDE Womens Olympiad 2024"]
[Site "Budapest"]
[Date "2024.09.15"]
[Round "5.128"]
[White "Durrfeld, Sofie Bech"]
[Black "Sezdbekova, Aizhan"]
[Result "1/2-1/2"]
[ECO "C25"]
[WhiteElo "1937"]
[BlackElo "1799"]
[Annotator "TA"]
[PlyCount "91"]
[EventDate "2024.09.05"]
[EventType "team-tourn"]
[EventCountry "HUN"]
[SourceTitle "playchess.com"]
[Source "ChessBase"]
[SourceQuality "1"]
[WhiteTeam "Denmark"]
[BlackTeam "Kyrgyzstan"]
[WhiteTeamCountry "DEN"]
[BlackTeamCountry "KGZ"]
[TimeControl "40/5400+30:1800+30"]

1. e4 e5 2. Bc4 Nc6 3. Nc3 g6 4. d3 Bg7 5. Be3 d6 6. a3 Nge7 7. Qd2 Be6 8. Bxe6 {White has an edge.} fxe6 9. h4 Qd7 10. h5 d5 {...d4 would now be deadly.} 11. Bh6 Bxh6 12. Qxh6 O-O-O 13. Nf3 gxh5 14. Rxh5 Ng6 15. O-O-O Rdf8 16. Rdh1 Nf4 ({Black should try} 16... a6 $1 $14) 17. Nxe5 $16 {White is more active.} Qd6 (17... Qe8 $16) 18. Nxc6 $1 $18 (18. Nb5 Qc5 19. Nc3 (19. Nxc6 bxc6 20. Nc3 Nxh5 $17) 19... Nd4 $11 (19... Nxh5 $2 20. Qxe6+ Kb8 21. Nd7+ Ka8 22. Nxc5 $18)) 18... Nxh5 (18... Qxc6 {was called for.} 19. exd5 exd5) 19. Nxa7+ {A dynamic duo of knights. Black is weak on the light squares} Kb8 20. Rxh5 Qb6 (20... Rxf2 21. Kb1 Qf8 22. Qxf8+ Rfxf8) 21. Nab5 Rxf2 22. Rh1 {Inhibits Rf1+. Hoping for Qg7.} (22. exd5 Rf1+ 23. Nd1 Qxb5 $16) 22... Rhf8 (22... Rxg2 $142 23. d4 (23. exd5 $2 Qf2 $19) 23... Qc6) 23. Nd1 $2 (23. exd5 Rf1+ 24. Rxf1 Rxf1+ 25. Nd1 Qxb5 26. Qxe6 Qc5 $14) (23. d4 $18) 23... R2f6 $17 (23... Qxb5 24. Nxf2 Rxf2 25. Qxh7 (25. Qxe6 Qa4 $16) 25... Rxg2 26. Qh3 $16) 24. Qxh7 {And now a4 would win.} Qxb5 25. g4 d4 26. Qg7 {Repels Qg5+} Qe8 $1 27. g5 (27. Rh2 $17) 27... Rg6 $2 (27... Rf1 $1 $19 28. Qh6 (28. Rxf1 $2 Rxf1 29. Qh6 Qg8 $19) 28... Rxh1 29. Qxh1 Rg8) 28. Qxd4 $11 Rxg5 29. Nc3 Rg2 30. Kb1 Rgf2 31. Qc5 Rf1+ 32. Rxf1 Rxf1+ {[%mdl 4096] Endgame. KQR-KQN} 33. Ka2 Qf8 34. Qa5 Qd6 35. Qb5 Rf8 {Repels Qe8+} 36. Na4 b6 {Inhibits Nc5.} 37. Nc3 Kb7 38. e5 (38. b4 $11) 38... Qd4 $15 39. Qb4 Qxb4 (39... Qxe5 $2 40. Qxf8 Qh5 41. Qe7 $18) 40. axb4 $17 {KR-KN} Rf5 41. d4 {[#]} Rf4 $1 {[%mdl 1024] Black has strong compensation.} 42. Nb5 {[#]} (42. d5 $17) 42... Kc6 $1 $19 43. Na7+ Kb7 (43... Kd5 $17 44. Nb5 Rxd4) 44. Nb5 $15 Kc6 ({Better is} 44... c5 $15 45. dxc5 (45. bxc5 bxc5 46. Kb3 Kc6 $15) 45... Rxb4 46. Nd6+ Kc6) 45. Na7+ $1 $17 Kb7 (45... Kd5 $17 46. c3 c5 47. dxc5 bxc5) 46. Nb5 {A wild game.   Weighted Error Value: White=0.27 (precise) /Black=0.37.  Missed win:     	White=1     	Black=1      Mistake:       	White=3     	Black=8      Inaccurate:     	White=3     	Black=2      OK:         	White=8     	Black=8      Best:        	White=8     	Black=3      Strong:       	White=2     	Black=3} 1/2-1/2

[Event "45th FIDE Womens Olympiad 2024"]
[Site "Budapest"]
[Date "2024.09.15"]
[Round "5.129"]
[White "Granados Ortiz, Maria Jose"]
[Black "Maksimovic, Masa"]
[Result "0-1"]
[ECO "B56"]
[WhiteElo "1935"]
[BlackElo "2093"]
[Annotator "TA"]
[PlyCount "148"]
[EventDate "2024.09.05"]
[EventType "team-tourn"]
[EventCountry "HUN"]
[SourceTitle "playchess.com"]
[Source "ChessBase"]
[SourceQuality "1"]
[WhiteTeam "Nicaragua"]
[BlackTeam "Bosnia & Herzegovina"]
[WhiteTeamCountry "NCA"]
[BlackTeamCountry "BIH"]
[TimeControl "40/5400+30:1800+30"]

1. e4 c5 2. Nf3 Nc6 3. d4 cxd4 4. Nxd4 Nf6 5. Nc3 d6 6. Be3 e5 7. Nb3 Be7 8. f3 Be6 9. Qd2 (9. Qe2 $14) 9... d5 $11 10. exd5 Nxd5 11. Nxd5 {The position is equal.} Qxd5 12. Qxd5 Bxd5 13. O-O-O O-O-O 14. Bb5 a6 15. Be2 Kc7 16. c4 Be6 17. Rxd8 (17. Nc5 {keeps more tension.} Bf5 18. Na4 Kb8 19. Nc3) 17... Rxd8 18. Rd1 f5 19. Rxd8 Bxd8 20. Nc5 Bc8 21. Na4 Nd4 22. Bd3 g6 23. Nc3 Kd6 24. b4 Be6 25. Ne2 Nc6 26. a3 Bf6 27. Kc2 h5 28. Bc5+ Kd7 29. Be3 a5 30. Bd2 axb4 31. axb4 Be7 32. c5 Nb8 33. Bb5+ Kd8 ({Better is} 33... Nc6 $11) 34. Kd3 (34. Bc3 $14) 34... Bf6 35. Bc3 Ke7 36. Kd2 Bd5 37. Bd3 h4 38. Kc2 (38. Ke3 $11 {might be stronger.}) 38... h3 $15 39. gxh3 {Black continues to play with concentration.} (39. g4 $1 $15) 39... Bxf3 $17 40. Ng1 (40. h4 $17 {was worth a try.}) 40... Bd5 $19 41. Be2 (41. Ne2 $142) 41... e4 42. Bxf6+ (42. Bb5 $142) 42... Kxf6 {[%mdl 4096] Endgame. KBN-KBN} 43. Kc3 Ke5 44. h4 f4 45. b5 (45. h5 $142 gxh5 46. Bxh5) 45... f3 46. Bf1 e3 $2 (46... Nd7 47. c6 bxc6 48. bxc6 Bxc6) 47. Kd3 (47. h5 {was the only defense.} gxh5 48. Kd3) 47... e2 48. Nxe2 fxe2 49. Bxe2 Nd7 50. c6 $2 (50. Ke3) 50... bxc6 51. bxc6 $2 (51. Ke3) 51... Bxc6 52. Ke3 Nf6 53. h3 Be4 54. Bc4 Nd5+ 55. Kf2 Kf4 {[#] Hoping for ...Bf3.} 56. Bb5 Nf6 57. Bc4 Bf3 58. Bf7 Ne4+ 59. Ke1 Bh5 {[#] Threatens to win with ...Ke3.} 60. Bd5 Nd6 {( -> ...Ke3)} 61. Kf2 Nf5 62. Bf7 Nxh4 {Strongly threatening ...Bf3.} 63. Bxg6 Nxg6 64. Ke1 Ke3 65. Kf1 Nf4 66. h4 Nd3 67. Kg2 Kf4 68. Kh3 Kf3 69. Kh2 Kg4 70. Kg2 Kxh4 71. Kh2 Bf3 72. Kg1 Kg3 {Black mates.} 73. Kf1 Bg4 74. Kg1 Bh3 {Weighted Error Value: White=0.54/Black=0.21 (precise) .  Mistake:       	White=9     	Black=1      Inaccurate:     	White=1     	Black=1      OK:         	White=15    	Black=13     Best:        	---       	Black=4} 0-1

[Event "45th FIDE Womens Olympiad 2024"]
[Site "Budapest"]
[Date "2024.09.15"]
[Round "5.130"]
[White "Babic, Milana"]
[Black "Martinez Orozco, Cristiana Yorlene"]
[Result "1-0"]
[ECO "A07"]
[WhiteElo "2080"]
[BlackElo "1761"]
[Annotator "NA RC"]
[PlyCount "95"]
[EventDate "2024.09.05"]
[EventType "team-tourn"]
[EventCountry "HUN"]
[SourceTitle "playchess.com"]
[Source "ChessBase"]
[SourceQuality "1"]
[WhiteTeam "Bosnia & Herzegovina"]
[BlackTeam "Nicaragua"]
[WhiteTeamCountry "BIH"]
[BlackTeamCountry "NCA"]
[TimeControl "40/5400+30:1800+30"]

1. Nf3 d5 2. g3 Nf6 3. Bg2 Bg4 4. h3 Bf5 5. O-O c6 6. c4 Nbd7 7. Qb3 Qb6 8. d3 dxc4 9. Qxc4 Be6 10. Qc2 h6 11. e4 Nb8 12. Nc3 g5 13. Be3 Qa5 14. b4 Qd8 15. Nd4 Bg7 16. Nxe6 fxe6 17. Qb3 Qd7 18. Rac1 O-O 19. Rfd1 Kh8 20. d4 Ne8 21. Na4 Nc7 22. b5 b6 23. bxc6 Nxc6 24. Qc3 Na5 25. Nxb6 axb6 26. Qxc7 Qa4 27. e5 Rac8 28. Qxc8 Qxd1+ 29. Rxd1 Rxc8 30. Rb1 Rb8 31. Rb4 Kg8 32. Kf1 Kf8 33. Ke2 Ke8 34. Kd3 Kd7 35. a4 Nc6 36. Rb1 Na5 37. Bd2 Nc6 38. Be4 Rd8 39. Be3 Rb8 40. Rb2 Rd8 41. Rxb6 Nxe5+ 42. dxe5 Bxe5 43. Ke2 Bc7 44. Rb7 Kd6 45. Rb5 Rc8 46. a5 Rb8 47. Rxb8 Bxb8 48. a6 1-0